 Dungeon Crawl Stone Soup version 0.20.0 (webtiles) character file.

201 FakerFangirl the Cudgeler (level 5, 0/45 HPs)
             Began as a Draconian Fighter on May 26, 2017.
             Slain by a slave (4 damage)
             ... led by Pikel
             ... on level 4 of the Dungeon.
             The game lasted 00:03:51 (3681 turns).

FakerFangirl the Cudgeler (Draconian Fighter)       Turns: 3681, Time: 00:03:52

Health: 0/45       AC:  5    Str: 18    XL:     5   Next: 50%
Magic:  5/5        EV: 10    Int:  8    God:
Gold:   50         SH:  9    Dex: 12    Spells: 4/4 levels left

rFire    . . .     SeeInvis .   Y - +0 flail
rCold    . . .     Gourm    .   b - +0 shield
rNeg     . . .     Faith    .   (armour unavailable)
rPois    .         Spirit   .   (helmet restricted)
rElec    .         Reflect  .   (no cloak)
rCorr    .         Harm     .   (no gloves)
MR       .....                  (no boots)
Stlth    +.........             (no amulet)
Regen    0.2/turn               (no ring)
MPRegen  0.1/turn               (no ring)

@: about to teleport
A: unfitting armour, cold-blooded, AC +5
a: no special abilities


You were on level 4 of the Dungeon.
You were not hungry.

You visited 1 branch of the dungeon, and saw 4 of its levels.

You collected 50 gold pieces.


Innate Abilities, Weirdness & Mutations

Your plain brown scales are hard. (AC +5)
You cannot fit into any form of body armour.
You are cold-blooded and may be slowed by cold attacks.


   Skills:
 - Level 3.2 Fighting
 + Level 5.8 Maces & Flails
 - Level 2.6 Dodging
 - Level 3.0 Shields


You had 4 spell levels left.
You didn't know any spells.

Inventory:

Hand Weapons
 Y - a +0 flail (weapon)
Missiles
 e - 2 tomahawks (quivered)
Armour
 b - a +0 shield (worn)
Scrolls
 a - 2 scrolls of teleportation
 g - a scroll of identify
 m - 2 scrolls of remove curse
Potions
 c - 2 potions of might
 j - a potion of agility {unknown}
 k - 4 potions of curing
 l - a potion of heal wounds {unknown}
Comestibles
 d - 2 bread rations
 f - a royal jelly
 h - 2 chunks of flesh
 i - 6 fruits

Dungeon Overview and Level Annotations

Branches:
Dungeon (4/15)
 Temple: D:4-7

Altars:
Okawaru
Sif Muna
Trog
Xom

Annotations:
D:4 Pikel


Message History

That felt strangely unrewarding.
The slave hits you!
You hit the slave but do no damage. The slave hits you but does no damage.
You hit the slave.
Your tail-slap misses the slave.
The slave is lightly wounded.
You block the slave's attack.
You barely miss the slave.
You tail-slap the slave, but do no damage.
The slave is lightly wounded.
The slave hits you!
3679 ||| READING 3 scrolls of teleportation.
As you read the scroll of teleportation, it crumbles to dust.
You feel strangely unstable. The slave hits you.
3680 ||| Stepping ~*~*~tactically~*~*~ (outnumbered).
Your shield prevents you from hitting the slave.
The slave is lightly wounded.
You block Pikel's attack. The slave hits you.
You die...

................K.#.#
..................... .
.[....#.###.#..#..#.#.#
.......................
...............K....#.#
............[..........
..#####.###.#.###.....p
#Kp[...........K(
#@#####.###.##### ###
### #


You could see Pikel and a slave.

Vanquished Creatures
  2 slaves (D:4)
  Jessica (D:2)
  2 howler monkey zombies (D:3)
  2 worker ant zombies (D:3)
  A howler monkey skeleton (D:3)
  3 adders
  3 adder skeletons (D:3)
  A worm (D:3)
  3 dart slugs
  3 leopard geckos
  4 orcs (D:3)
  15 bats
  4 hobgoblins
  6 jackals
  2 quokkas
  2 ball pythons
  3 frilled lizards
  9 goblins
  A jackal skeleton (D:3)
  7 kobolds
  6 rats
80 creatures vanquished.

Notes
Turn   | Place    | Note
-------+----------+-------------------------------------------
     0 | D:1      | FakerFangirl the Draconian Fighter began the quest for the Orb.
     0 | D:1      | Reached XP level 1. HP: 19/19 MP: 1/1
     0 | D:1      | 0 ||| counter = 50
   163 | D:1      | 163 ||| Stepping ~*~*~tactically~*~*~ (outnumbered).
   165 | D:1      | 165 ||| Stepping ~*~*~tactically~*~*~ (outnumbered).
   167 | D:1      | 167 ||| Stepping ~*~*~tactically~*~*~ (outnumbered).
   168 | D:1      | 168 ||| Stepping ~*~*~tactically~*~*~ (outnumbered).
   169 | D:1      | 169 ||| Stepping ~*~*~tactically~*~*~ (outnumbered).
   170 | D:1      | 170 ||| Stepping ~*~*~tactically~*~*~ (outnumbered).
   171 | D:1      | 171 ||| Stepping ~*~*~tactically~*~*~ (outnumbered).
   172 | D:1      | 172 ||| Stepping ~*~*~tactically~*~*~ (outnumbered).
   173 | D:1      | 173 ||| Stepping ~*~*~tactically~*~*~ (outnumbered).
   174 | D:1      | 174 ||| Stepping ~*~*~tactically~*~*~ (outnumbered).
   175 | D:1      | 175 ||| Stepping ~*~*~tactically~*~*~ (outnumbered).
   176 | D:1      | 176 ||| Stepping ~*~*~tactically~*~*~ (outnumbered).
   177 | D:1      | 177 ||| Stepping ~*~*~tactically~*~*~ (outnumbered).
   178 | D:1      | 178 ||| Stepping ~*~*~tactically~*~*~ (outnumbered).
   179 | D:1      | 179 ||| Stepping ~*~*~tactically~*~*~ (outnumbered).
   180 | D:1      | 180 ||| Stepping ~*~*~tactically~*~*~ (outnumbered).
   184 | D:1      | Reached XP level 2. HP: 21/26 MP: 2/2
   271 | D:1      | 271 ||| Stepping ~*~*~tactically~*~*~ (outnumbered).
   272 | D:1      | 272 ||| Stepping ~*~*~tactically~*~*~ (outnumbered).
   274 | D:1      | 274 ||| Stepping ~*~*~tactically~*~*~ (outnumbered).
   275 | D:1      | 275 ||| Stepping ~*~*~tactically~*~*~ (outnumbered).
   276 | D:1      | 276 ||| Stepping ~*~*~tactically~*~*~ (outnumbered).
   277 | D:1      | 277 ||| Stepping ~*~*~tactically~*~*~ (outnumbered).
   278 | D:1      | 278 ||| Stepping ~*~*~tactically~*~*~ (outnumbered).
   279 | D:1      | 279 ||| Stepping ~*~*~tactically~*~*~ (outnumbered).
   281 | D:1      | 281 ||| Stepping ~*~*~tactically~*~*~ (outnumbered).
   336 | D:1      | Reached skill level 3 in Maces & Flails
  1110 | D:1      | Reached XP level 3. HP: 28/31 MP: 3/3
  1265 | D:1      | 1265 ||| READING scroll labeled PEF SIUNLAISM.
  1266 | D:1      | 1266 ||| READING 2 scrolls labeled MUCZESTUNWE.
  1439 | D:2      | Noticed Jessica
  1444 | D:2      | Killed Jessica
  1444 | D:2      | Reached skill level 4 in Maces & Flails
  1454 | D:2      | HP: 7/31 [poisoned by Jessica]
  1462 | D:2      | HP: 6/31 [poisoned by Jessica]
  1839 | D:2      | Reached XP level 4. HP: 38/38 MP: 4/4
  1894 | D:2      | Found a shimmering altar of Xom.
  2632 | D:2      | 2632 ||| UPGRADING to ivory ring.
  2633 | D:2      | 2633 ||| READING 3 scrolls of remove curse.
  2634 | D:2      | 2634 ||| REMOVING ring of loudness.
  2635 | D:2      | 2635 ||| DROPPING ring of loudness.
  2636 | D:2      | 2636 ||| READING 3 scrolls labeled BAF BAALA QEER.
  2641 | D:2      | 2641 ||| DRINKING 3 puce potions.
  2674 | D:3      | 2674 ||| STAIRDANCE
  2797 | D:3      | Reached skill level 5 in Maces & Flails
  2821 | D:3      | Reached XP level 5. HP: 42/45 MP: 5/5
  3199 | D:3      | 3199 ||| Stepping ~*~*~tactically~*~*~ (outnumbered).
  3200 | D:3      | 3200 ||| Stepping ~*~*~tactically~*~*~ (outnumbered).
  3330 | D:3      | Found a deep blue altar of Sif Muna.
  3462 | D:3      | Found a bloodstained altar of Trog.
  3611 | D:4      | Found an iron altar of Okawaru.
  3620 | D:4      | Noticed a slave
  3624 | D:4      | Noticed a slave
  3626 | D:4      | Noticed Pikel
  3627 | D:4      | Noticed a slave
  3649 | D:4      | Killed a slave
  3675 | D:4      | Killed a slave
  3678 | D:4      | HP: 5/45 [slave[Pikel] (10)]
  3679 | D:4      | 3679 ||| READING 3 scrolls of teleportation.
  3680 | D:4      | 3680 ||| Stepping ~*~*~tactically~*~*~ (outnumbered).
  3681 | D:4      | Slain by a slave

Vault maps used:
D:1:      dpeg_arrival_signposts
D:2:      lemuel_upstairs_altar, xom_teletrap_fun, first_bread,
          serial_co_window_serial, co_window_of_opportunity_a,
          co_window_paths_a, co_window_corner_a, co_window_cross_1,
          co_window_cross_1, co_window_of_opportunity_a, co_window_paths_b,
          co_window_2corner, co_window_corner_b, co_window_broadway_a,
          glass_columns_a, glass_columns_c, minmay_split_cup_small, uniq_jessica
D:3:      led_sif_book, serial_undead, serial_undead_b, serial_undead_e,
          serial_undead_e, serial_undead_b, serial_undead_c, serial_undead_e,
          serial_undead_d, serial_undead_a, trog_book
D:4:      okawaru_metal_pillars_1_2, minmay_temple_entry_grid, serial_shops,
          shop, glass_columns_a, nrook_uturn, uniq_blork_the_orc, uniq_pikel,
          uniq_grinder

Skill      XL: |  1  2  3  4 |
---------------+-------------+-----
Maces & Flails | 3 4 5 |  5.8
Fighting       | |  3.2
Dodging        | |  2.6
Shields        | |  3.0

Action                   |  1- 3 |  4- 6 || total
-------------------------+-------+-------++-------
Melee: Flail             |    98 |   163 ||   261
       Tailslap          |    12 |    26 ||    38
Throw: Javelin           |    22 |    19 ||    41
       Tomahawk          |       |    26 ||    26
  Use: Scroll            |     2 |     3 ||     5
       Potion            |       |     1 ||     1
 Stab: Sleeping          |       |     1 ||     1
  Eat: Chunk             |     3 |     6 ||     9
Armor: Skin              |    28 |    51 ||    79
Dodge: Dodged            |    39 |    64 ||   103
Block: Shield            |    41 |    78 ||   119
